[Event "Titled Tuesday Blitz May 16 Early 2023"]
[White "Martinez Alcantara, Jose Eduardo"]
[Black "Zakhartsov, Vladimir"]
[WhiteFideId "3805662"]
[BlackFideId "4145097"]
[WhiteElo "2711"]
[BlackElo "2495"]
[Result "1-0"]
[Round "11"]
[TimeControl "180+2"]
[Date "2023.05.16"]
[WhiteClock "0:00:21"]
[BlackClock "0:00:00"]

1. e4 c5 2. Nf3 d6 3. c3 Nf6 4. h3 g6 5. Bd3 Bg7 6. Bc2 O-O 7. d4 cxd4 8. cxd4 Nc6 9. O-O e5 10. d5 Nb4 11. Nc3 Nxc2 12. Qxc2 a6 13. a4 h6 14. Qb3 Nd7 15. Qa3 Nc5 16. Be3 Nd3 17. Ne2 Nf4 18. Nxf4 exf4 19. Bxf4 Re8 20. Rfe1 Bf8 21. a5 g5 22. Bg3 h5 23. Qe3 f6 24. Nd4 f5 25. Qb3 f4 26. Bh2 Bg7 27. Qc4 Bd7 28. h4 Rc8 29. Qd3 Qf6 30. Nf5 Bxf5 31. exf5 Re5 32. Rxe5 dxe5 33. hxg5 Qxg5 34. d6 Bf6 35. Kh1 Rd8 36. g3 Kh8 37. gxf4 exf4 38. Rg1 Qh4 39. Rg6 f3 40. Qxf3 Rxd6 41. Kg2 Rd4 42. Bg3 Rg4 43. Qxb7 Rg5 44. Qc8+ 1-0


[Site "https://www.chess.com"]

[Event "Titled Tuesday Blitz May 16 Early 2023"]
[White "Pichot, Alan"]
[Black "Makarian, Rudik"]
[WhiteFideId "110973"]
[BlackFideId "44105681"]
[WhiteElo "2573"]
[BlackElo "2461"]
[Result "1-0"]
[Round "11"]
[TimeControl "180+2"]
[Date "2023.05.16"]
[WhiteClock "0:00:07"]
[BlackClock "0:00:02"]

1. e4 c5 2. Nf3 Nc6 3. d4 cxd4 4. Nxd4 e6 5. Nc3 a6 6. Be2 Qc7 7. O-O Nf6 8. Be3 Be7 9. f4 d6 10. Kh1 O-O 11. Qe1 Nxd4 12. Bxd4 b5 13. a3 Bb7 14. Qg3 Rac8 15. Bd3 e5 16. fxe5 Nh5 17. Qh3 dxe5 18. Qxh5 exd4 19. Nd5 Bxd5 20. exd5 g6 21. Qf3 Bd6 22. g3 Rce8 23. a4 Re3 24. Qf6 Qc5 25. axb5 Qxd5+ 26. Kg1 Bxg3 27. hxg3 Rxg3+ 28. Kf2 Qg2+ 29. Ke1 Rxd3 30. cxd3 Qxb2 31. Rxa6 Re8+ 32. Kd1 Qb1+ 33. Kd2 Qb2+ 34. Kd1 Qb3+ 35. Kd2 Qc3+ 36. Kd1 Qxd3+ 37. Kc1 Qc4+ 38. Kb1 Qxb5+ 39. Ka1 Qc4 40. Rb1 Qc3+ 41. Rb2 Re1+ 42. Ka2 Qc4+ 43. Rb3 Re2+ 44. Ka3 Qc5+ 45. Rb4 Re3+ 46. Ka4 Re8 47. Qxd4 Qc2+ 48. Ka3 Qc1+ 49. Qb2 Qe3+ 50. Qb3 Qe7 51. Rb6 Qa7+ 52. Qa4 Qe7 53. Rb7 Qe3+ 54. Qb3 Qe1 55. Qxf7+ Kh8 56. Qxh7# 1-0


[Site "https://www.chess.com"]

[Event "Titled Tuesday Blitz May 16 Early 2023"]
[White "Nihal Sarin"]
[Black "Ivic, Velimir"]
[WhiteFideId "25092340"]
[BlackFideId "950122"]
[WhiteElo "2689"]
[BlackElo "2563"]
[Result "0-1"]
[Round "11"]
[TimeControl "180+2"]
[Date "2023.05.16"]
[WhiteClock "0:00:00"]
[BlackClock "0:00:08"]

1. h4 e5 2. h5 d5 3. h6 Nxh6 4. d4 exd4 5. Bxh6 gxh6 6. Qxd4 Rg8 7. Nf3 c5 8. Qd3 Nc6 9. c3 Be6 10. Nbd2 Qb6 11. e3 Qxb2 12. Rb1 Qxa2 13. Rxb7 c4 14. Qxh7 Rg6 15. Nh4 Rf6 16. Be2 Qa1+ 17. Qb1 Qxc3 18. Nf3 Bf5 19. Qb5 Qc1+ 20. Bd1 Bd3 21. Rh5 Bb4 22. Rxd5 Bc2 23. Kf1 Qxd1+ 24. Ne1 Bxd2 25. Kg1 Qxe1+ 26. Kh2 Qxf2 27. Rh5 Bxe3 28. Qd5 Bf4+ 0-1


[Site "https://www.chess.com"]

[Event "Titled Tuesday Blitz May 16 Early 2023"]
[White "Andreikin, Dmitry"]
[Black "Drygalov, Sergey"]
[WhiteFideId "4158814"]
[BlackFideId "24171743"]
[WhiteElo "2736"]
[BlackElo "2533"]
[Result "0-1"]
[Round "11"]
[TimeControl "180+2"]
[Date "2023.05.16"]
[WhiteClock "0:00:00"]
[BlackClock "0:00:32"]

1. c4 e5 2. Nc3 Nf6 3. e3 Nc6 4. a3 g6 5. b4 Bg7 6. Bb2 O-O 7. Rc1 d6 8. d3 a5 9. b5 Ne7 10. Be2 Nf5 11. Nf3 e4 12. Nxe4 Nxe4 13. Bxg7 Nxf2 14. Kxf2 Nxg7 15. Qd2 c6 16. Rb1 Re8 17. Rhe1 d5 18. bxc6 bxc6 19. cxd5 cxd5 20. Nd4 Qd6 21. Bf3 Be6 22. Nb5 Qxh2 23. Rh1 Qb8 24. e4 dxe4 25. Qh6 Qb6+ 26. d4 exf3 27. Qxh7+ Kf8 28. Qh8+ Ke7 29. Qxg7 fxg2 30. Rhc1 Rac8 31. Nc7 Qd6 32. Rb7 Qf4+ 33. Ke2 Qe4+ 34. Kf2 Qxb7 35. Qe5 Qb2+ 36. Kg3 Qxc1 37. Nd5+ Kd7 38. Nf6+ Kc6 39. d5+ Kb6 40. Qd6+ Kb5 41. a4+ Kxa4 0-1


[Site "https://www.chess.com"]

[Event "Titled Tuesday Blitz May 16 Early 2023"]
[White "Ilamparthi A R"]
[Black "Zhigalko, Sergei"]
[WhiteFideId "45015775"]
[BlackFideId "13502956"]
[WhiteElo "2348"]
[BlackElo "2626"]
[Result "0-1"]
[Round "11"]
[TimeControl "180+2"]
[Date "2023.05.16"]
[WhiteClock "0:00:15"]
[BlackClock "0:00:15"]

1. e4 c5 2. Nf3 Nc6 3. b4 Nxb4 4. c3 Nc6 5. d4 d5 6. exd5 Qxd5 7. Na3 Bg4 8. Bc4 Qe4+ 9. Be3 e6 10. Nb5 O-O-O 11. h3 Bxf3 12. gxf3 Qf5 13. Bd3 Qh5 14. Qa4 a6 15. Rb1 Qxf3 16. Rg1 Nf6 17. Rg3 Qh1+ 18. Ke2 Qd5 19. Rg5 Qd7 20. Bf4 Nd5 21. Bg3 f5 22. Na7+ Nxa7 23. Qxa6 Nxc3+ 24. Kf1 Nxb1 25. Qxa7 Bd6 26. Ba6 Bxg3 27. Qa8+ Kc7 28. Qxb7+ Kd6 29. dxc5+ Ke5 30. Qb2+ Qd4 31. Qe2+ Kf6 32. Rxg3 Nd2+ 33. Kg2 Ne4 34. Re3 Qd2 35. Qf3 Qxf2+ 36. Qxf2 Nxf2 37. Kxf2 Rd2+ 38. Kf3 e5 39. Rb3 e4+ 40. Ke3 Rxa2 41. Bc4 Rh2 42. Rb6+ Kg5 43. c6 Rxh3+ 44. Kd4 Rd8+ 45. Ke5 Rc3 46. Rb4 e3 47. c7 Rc8 48. Be6 R8xc7 49. Bxf5 R3c5+ 50. Kd6 Kxf5 51. Rh4 Kg5 52. Re4 R7c6+ 53. Kd7 Rc3 54. Re5+ Kf4 55. Re8 Rc7+ 56. Kd6 Kf3 57. Kd5 Ke2 58. Kd4 R3c4+ 59. Kd5 R7c5+ 60. Kd6 Rc8 61. Re5 R4c6+ 62. Kd7 R6c7+ 63. Kd6 g6 64. Re6 Rc6+ 65. Kd7 Rxe6 66. Kxe6 Rc5 67. Kd7 Rf5 68. Kd6 Kf3 69. Kd7 h5 70. Kd6 h4 71. Ke7 h3 72. Ke6 h2 73. Kd6 h1=Q 74. Kd7 Qh7+ 75. Ke6 Qf7+ 76. Kd6 Qf6+ 77. Kd7 Qd4+ 78. Kc7 Qe5+ 79. Kb7 Qe7+ 80. Kc6 Qe6+ 81. Kc7 Rf7+ 82. Kd8 Qd7# 0-1


[Site "https://www.chess.com"]

[Event "Titled Tuesday Blitz May 16 Early 2023"]
[White "Sychev, Klementy"]
[Black "Sarana, Alexey"]
[WhiteFideId "4114060"]
[BlackFideId "24133795"]
[WhiteElo "2583"]
[BlackElo "2714"]
[Result "0-1"]
[Round "11"]
[TimeControl "180+2"]
[Date "2023.05.16"]
[WhiteClock "0:00:00"]
[BlackClock "0:00:09"]

1. e4 e5 2. f4 d5 3. exd5 e4 4. d3 Qxd5 5. Nc3 Bb4 6. Bd2 Bxc3 7. Bxc3 Nf6 8. dxe4 Qxe4+ 9. Qe2 Qxe2+ 10. Nxe2 O-O 11. Bxf6 gxf6 12. O-O-O Re8 13. Nc3 c6 14. Ne4 Kg7 15. Nd6 Rf8 16. Bc4 b5 17. Bb3 a5 18. Rhe1 a4 19. Bxf7 Rxf7 20. Nxc8 Na6 21. Nd6 Rfa7 22. Nf5+ Kg6 23. Ne7+ Kf7 24. Nxc6 Rc7 25. Nd4 b4 26. Nb5 Rc5 27. Nd6+ Kg6 28. Rd3 b3 29. Rg3+ Kh6 30. axb3 Nb4 31. c3 axb3 32. Nf7+ Kh5 33. Rh3+ Kg6 34. Nd6 Ra1+ 35. Kd2 Rd5+ 36. Ke2 Rxe1+ 37. Kxe1 Nc2+ 38. Ke2 Rxd6 39. Rg3+ Kf5 40. Rf3 Ke4 0-1


[Site "https://www.chess.com"]

[Event "Titled Tuesday Blitz May 16 Early 2023"]
[White "Dubov, Daniil"]
[Black "Keymer, Vincent"]
[WhiteFideId "24126055"]
[BlackFideId "12940690"]
[WhiteElo "2793"]
[BlackElo "2669"]
[Result "0-1"]
[Round "11"]
[TimeControl "180+2"]
[Date "2023.05.16"]
[WhiteClock "0:00:03"]
[BlackClock "0:00:03"]

1. Nf3 d5 2. g3 c6 3. Bg2 Bg4 4. Ne5 Bh5 5. c4 e6 6. O-O Bd6 7. d4 Nf6 8. Nc3 Nbd7 9. Bf4 Qb8 10. Nxd7 Nxd7 11. Bxd6 Qxd6 12. Qb3 O-O 13. Qxb7 Rab8 14. Qxa7 Rxb2 15. c5 Qe7 16. Rfb1 Rfb8 17. Rxb2 Rxb2 18. Qa8+ Nf8 19. Qxc6 Rc2 20. Nd1 Bxe2 21. Ne3 Rd2 22. Qd6 Qa7 23. Rb1 Qxa2 24. Rb8 Qa1+ 25. Bf1 h6 26. Qxf8+ Kh7 27. Qh8+ Kg6 28. Rg8 Qxd4 29. c6 Bxf1 30. c7 Ba6 31. c8=Q Bxc8 32. Rxc8 Qf6 33. Ng4 Qf5 34. h3 Qe4 35. Kh2 Rd1 36. Qxh6+ gxh6 37. Rg8+ Kf5 38. Ne3+ Ke5 39. Nxd1 Qe2 40. Ne3 Qxf2+ 41. Ng2 d4 42. Rd8 Ke4 43. h4 d3 44. Kh3 d2 0-1


[Site "https://www.chess.com"]

[Event "Titled Tuesday Blitz May 16 Early 2023"]
[White "Le, Tuan Minh"]
[Black "Bacrot, Etienne"]
[WhiteFideId "12401153"]
[BlackFideId "605506"]
[WhiteElo "2566"]
[BlackElo "2672"]
[Result "1-0"]
[Round "11"]
[TimeControl "180+2"]
[Date "2023.05.16"]
[WhiteClock "0:00:04"]
[BlackClock "0:00:00"]

1. d4 d5 2. Nf3 Nf6 3. Bf4 g6 4. e3 Bg7 5. h3 O-O 6. Be2 b6 7. O-O Bb7 8. c4 Nbd7 9. Nc3 c5 10. Rc1 cxd4 11. exd4 dxc4 12. Bxc4 Rc8 13. Bb3 a6 14. Re1 b5 15. Ne5 Nb6 16. Qe2 b4 17. Na4 Nxa4 18. Rxc8 Qxc8 19. Bxa4 Nd5 20. Bg3 Rd8 21. Bb3 e6 22. h4 h5 23. Qd2 a5 24. Rc1 Qa8 25. Bc4 Ne7 26. Qf4 Nf5 27. Nxf7 Kxf7 28. Qc7+ Ne7 29. Bxe6+ Kxe6 30. Re1+ Be4 31. f3 Rd7 32. Qf4 Bxd4+ 33. Kh2 Nf5 34. Rxe4+ Kf7 35. Be1 Bf6 36. g4 Nd6 37. Re2 Qd5 38. g5 Qf5 39. Qxf5 Nxf5 40. gxf6 Nxh4 41. Bxh4 Rd2 42. Rxd2 1-0


[Site "https://www.chess.com"]

[Event "Titled Tuesday Blitz May 16 Early 2023"]
[White "Hossain, Enamul"]
[Black "Quesada Perez, Yuniesky"]
[WhiteFideId "10200649"]
[BlackFideId "3504409"]
[WhiteElo "2433"]
[BlackElo "2585"]
[Result "0-1"]
[Round "11"]
[TimeControl "180+2"]
[Date "2023.05.16"]
[WhiteClock "0:00:05"]
[BlackClock "0:00:40"]

1. e4 d5 2. exd5 Qxd5 3. Nc3 Qa5 4. d4 Nf6 5. Nf3 Bf5 6. Bc4 e6 7. Bd2 Bb4 8. a3 Bxc3 9. Bxc3 Qb6 10. d5 exd5 11. Bxd5 Be6 12. Bxf6 gxf6 13. O-O Nd7 14. c4 O-O-O 15. b4 Rhg8 16. c5 Qa6 17. Qb3 Nxc5 18. Bxe6+ Nxe6 19. Rfd1 Qc6 20. Rac1 Qe4 21. Re1 Rd3 22. Rxe4 Rxb3 23. Re3 Rxe3 24. fxe3 Rd8 25. Rc3 Ng5 26. Nd4 Ne6 27. Nf5 Rd2 28. h4 Kd7 29. Kh2 b6 30. Kg3 c5 31. bxc5 bxc5 32. Kf3 Kc6 33. Rb3 c4 34. Rb8 c3 35. Rc8+ Nc7 36. Nd4+ Rxd4 37. exd4 c2 0-1


[Site "https://www.chess.com"]

[Event "Titled Tuesday Blitz May 16 Early 2023"]
[White "Salinas Herrera, Pablo"]
[Black "Lazavik, Denis"]
[WhiteFideId "3407128"]
[BlackFideId "13515110"]
[WhiteElo "2546"]
[BlackElo "2560"]
[Result "0-1"]
[Round "11"]
[TimeControl "180+2"]
[Date "2023.05.16"]
[WhiteClock "0:00:00"]
[BlackClock "0:00:07"]

1. d4 Nf6 2. c4 e6 3. Nc3 Bb4 4. Bd2 O-O 5. Nf3 d5 6. e3 b6 7. Rc1 Ba6 8. cxd5 Bxf1 9. Kxf1 exd5 10. Qb3 Be7 11. g3 c6 12. Kg2 Bd6 13. Rhe1 Re8 14. Qc2 Qe7 15. Ng1 Nbd7 16. Nge2 h5 17. f3 Nf8 18. Nd1 Rac8 19. Nf2 c5 20. Nc3 Qd7 21. dxc5 bxc5 22. Rcd1 Ng6 23. Bc1 d4 24. Nce4 Nxe4 25. Nxe4 Bf8 26. exd4 cxd4 27. Qf2 d3 28. Nc3 Ne5 29. Re4 Bc5 30. Be3 Bd6 31. Rd4 Qe6 32. Ne4 Be7 33. Bf4 h4 34. Bxe5 h3+ 35. Kh1 Rc2 36. Qe3 Qxe5 37. Qxd3 Rec8 38. Qf1 Bf8 39. Qxh3 Rc1 40. Rd2 R8c2 41. Kg2 Rxd2+ 42. Rxd2 Qb5 43. Rf2 Qc4 44. Ng5 Qd3 45. Qg4 Qg6 46. h4 Rc5 47. Qe4 Qxe4 48. Nxe4 Ra5 49. Re2 Rxa2 50. Nc3 Ra6 51. Ne4 Rb6 52. g4 g6 53. g5 Bg7 54. Nf6+ Bxf6 55. gxf6 Rxf6 56. Re7 a6 57. Rb7 Rb6 58. Kg3 Rxb7 0-1


[Site "https://www.chess.com"]

[Event "Titled Tuesday Blitz May 16 Early 2023"]
[White "Demchenko, Anton"]
[Black "Averjanov, Alexey"]
[WhiteFideId "4160258"]
[BlackFideId "14109867"]
[WhiteElo "2545"]
[BlackElo "2820"]
[Result "1-0"]
[Round "11"]
[TimeControl "180+2"]
[Date "2023.05.16"]
[WhiteClock "0:01:11"]
[BlackClock "0:00:01"]

1. e4 c6 2. d4 d5 3. e5 Bf5 4. Bd3 Bxd3 5. Qxd3 e6 6. c3 Nd7 7. Ne2 Ne7 8. O-O c5 9. Nd2 Nc6 10. Qg3 Qb6 11. Nf3 g6 12. h4 Ne7 13. dxc5 Nxc5 14. Nfd4 Ne4 15. Qe3 h5 16. a4 Bh6 17. Qf3 Bxc1 18. Rfxc1 Nf5 19. Nxf5 gxf5 20. Nd4 O-O-O 21. a5 Qc7 22. a6 b6 23. c4 dxc4 24. Nxf5 exf5 25. Qxf5+ Kb8 26. Qxe4 b5 27. b3 c3 28. Rxc3 Qd7 29. Rc5 Rhg8 30. e6 fxe6 31. Rxh5 Rg7 32. Rc1 Rdg8 33. Rg5 Rxg5 34. hxg5 Rxg5 35. Qf4+ e5 36. Qf8+ Qd8 37. Qxd8# 1-0


[Site "https://www.chess.com"]

[Event "Titled Tuesday Blitz May 16 Early 2023"]
[White "Boyer, Mahel"]
[Black "Ibarra Jerez, Jose Carlos"]
[WhiteFideId "45102422"]
[BlackFideId "2226332"]
[WhiteElo "2439"]
[BlackElo "2638"]
[Result "0-1"]
[Round "11"]
[TimeControl "180+2"]
[Date "2023.05.16"]
[WhiteClock "0:00:00"]
[BlackClock "0:00:13"]

1. Nf3 d6 2. g3 e5 3. Bg2 f5 4. O-O Nf6 5. d4 e4 6. Ne1 d5 7. b3 Bd6 8. c4 c6 9. Ba3 f4 10. Qc1 fxg3 11. fxg3 O-O 12. Bxd6 Qxd6 13. Nc2 Bg4 14. Nc3 Nbd7 15. Qf4 Qe7 16. cxd5 cxd5 17. Nxd5 Nxd5 18. Qxg4 N7f6 19. Qg5 Qd7 20. Na3 Nc3 21. Rae1 Qxd4+ 22. e3 Qd2 23. Nc4 Qxa2 24. Nd6 Qxb3 25. Nf5 g6 26. Ne7+ Kg7 27. Rf2 Qe6 28. Nf5+ Kh8 29. Nd4 Qd5 30. Qh6 Qh5 31. Qf4 Ncd5 32. Qd6 Rae8 33. Ref1 Qe5 34. Rxf6 Nxf6 0-1


[Site "https://www.chess.com"]

[Event "Titled Tuesday Blitz May 16 Early 2023"]
[White "Ter-Sahakyan, Samvel"]
[Black "Santos Ruiz, Miguel"]
[WhiteFideId "13302531"]
[BlackFideId "22291482"]
[WhiteElo "2545"]
[BlackElo "2499"]
[Result "1-0"]
[Round "11"]
[TimeControl "180+2"]
[Date "2023.05.16"]
[WhiteClock "0:01:07"]
[BlackClock "0:00:39"]

1. d4 d5 2. c4 e6 3. Nf3 Nf6 4. g3 Bb4+ 5. Bd2 Be7 6. Bg2 a5 7. Qc2 c6 8. Bf4 a4 9. a3 Nbd7 10. Nbd2 Nh5 11. h4 O-O 12. Ng5 g6 13. e3 b5 14. c5 Ndf6 15. Bf3 Re8 16. Be5 Ng7 17. h5 Nfxh5 18. Nxf7 Kxf7 19. Bxh5 gxh5 20. Qxh7 Bf6 21. Nf3 Rh8 22. Qc2 Nf5 23. Bxf6 Qxf6 24. Ne5+ Kg7 25. O-O-O Kf8 26. g4 hxg4 27. Rxh8+ Qxh8 28. Ng6+ 1-0


[Site "https://www.chess.com"]

[Event "Titled Tuesday Blitz May 16 Early 2023"]
[White "Gunina, Valentina"]
[Black "Pap, Gyula"]
[WhiteFideId "4167570"]
[BlackFideId "725323"]
[WhiteElo "2352"]
[BlackElo "2519"]
[Result "0-1"]
[Round "11"]
[TimeControl "180+2"]
[Date "2023.05.16"]
[WhiteClock "0:00:07"]
[BlackClock "0:00:44"]

1. c4 e6 2. d4 d5 3. Nf3 Nf6 4. Nc3 Nbd7 5. Bf4 dxc4 6. e3 Bd6 7. Bg3 O-O 8. Bxc4 Bxg3 9. hxg3 c5 10. O-O cxd4 11. Qxd4 Nb6 12. Rfd1 Qxd4 13. Rxd4 Bd7 14. Ne5 Rfc8 15. Rad1 Be8 16. Bb3 Rc5 17. f4 Kf8 18. g4 h6 19. Nd3 Ra5 20. Ne5 Rc8 21. R1d2 Ke7 22. Kf2 Rc7 23. Kf3 Nfd7 24. Nxd7 Bxd7 25. Kf2 Bc6 26. Bd1 Be8 27. Bf3 Nc4 28. Rc2 b5 29. Ne4 Rxa2 30. Kg3 Rxb2 31. Rxb2 Nxb2 32. f5 Nc4 33. fxe6 fxe6 34. Nc3 Nxe3 35. Rd3 Nc4 36. Ne2 b4 37. Nd4 a5 38. Rd1 a4 39. Re1 Bd7 40. Bd5 Kd6 41. Bxe6 Bxe6 42. Nxe6 Re7 43. Re4 Rxe6 44. Rxc4 Re3+ 45. Kf4 Rb3 46. Rc8 a3 47. Ra8 Rb2 48. Ra7 a2 49. Kf5 b3 0-1


[Site "https://www.chess.com"]

[Event "Titled Tuesday Blitz May 16 Early 2023"]
[White "Drozdowski, Kacper"]
[Black "Simonian, Hrair"]
[WhiteFideId "1136720"]
[BlackFideId "13302337"]
[WhiteElo "2497"]
[BlackElo "2447"]
[Result "1/2-1/2"]
[Round "11"]
[TimeControl "180+2"]
[Date "2023.05.16"]
[WhiteClock "0:00:09"]
[BlackClock "0:00:06"]

1. e4 c5 2. Nf3 e6 3. d4 cxd4 4. Nxd4 a6 5. Bd3 Bc5 6. Nb3 Be7 7. Qg4 g6 8. Qe2 d6 9. c4 b6 10. Nc3 Bb7 11. O-O h5 12. Be3 Nd7 13. Rad1 Ngf6 14. h3 Qc7 15. f4 h4 16. Qd2 Nc5 17. Nxc5 dxc5 18. e5 Nh5 19. Be4 Ng3 20. Bxb7 Nxf1 21. Rxf1 Qxb7 22. Qe2 O-O-O 23. a4 a5 24. Bf2 Rd7 25. Ne4 Rhd8 26. Rc1 Qc6 27. b3 Kb7 28. Kh2 Ka7 29. Rc3 Qb7 30. Rf3 Qa8 31. Rc3 Rd1 32. Rf3 Ra1 33. Nc3 Qc6 34. Qc2 f5 35. exf6 Bxf6 36. Qxg6 Bxc3 37. Rxc3 Rdd1 38. Bxh4 Rh1+ 39. Kg3 Qxg2+ 40. Kxg2 Rag1+ 41. Kf2 Rxg6 42. Bg5 e5 43. h4 exf4 44. Rf3 Rh2+ 45. Ke1 Re6+ 46. Kd1 Re3 47. Rxe3 fxe3 48. Bxe3 Rh3 49. Kd2 Rxh4 50. Bg5 Rh3 51. Kc2 Kb7 52. Bf6 Kc6 53. Be5 Kd7 54. Bf6 Rh6 55. Bg7 Rg6 56. Be5 Ke6 57. Bh8 Kf5 58. Bc3 Ke4 59. Bh8 Ke3 60. Be5 Re6 61. Bg7 Ke2 62. Bh8 Ke1 63. Bg7 Re2+ 64. Kc1 Rg2 65. Be5 Ke2 66. Kc2 Ke3+ 67. Kc1 Kd3 68. Bf6 Rc2+ 69. Kb1 Rf2 70. Be5 Rf1+ 71. Kb2 Re1 72. Bf6 Re2+ 73. Kb1 Re4 74. Kb2 Rf4 75. Bg7 Rf2+ 76. Kb1 Rg2 77. Bf6 Rg6 78. Be5 Re6 79. Bg7 Re7 80. Bf6 Rd7 81. Kb2 Rf7 82. Be5 Rh7 83. Bf6 Rh2+ 84. Kb1 Ke4 85. Bg7 Rg2 86. Bf6 Rg8 87. Kb2 Rf8 88. Bg7 Rf7 89. Bh8 Rb7 90. Kb1 Kd3 91. Kb2 Rb8 92. Be5 Rb7 93. Bf6 b5 94. axb5 a4 95. Be5 Re7 96. Bd6 Re2+ 97. Ka3 axb3 98. Kxb3 Rc2 99. Bxc5 Rxc4 100. Bb4 Rc7 101. b6 Rb7 102. Bc5 Ke4 103. Kc4 Ke5 104. Be3 Rxb6 105. Bxb6 1/2-1/2


[Site "https://www.chess.com"]

[Event "Titled Tuesday Blitz May 16 Early 2023"]
[White "Skliarov, Viktor"]
[Black "Durarbayli, Vasif"]
[WhiteFideId "14106736"]
[BlackFideId "13402935"]
[WhiteElo "2317"]
[BlackElo "2551"]
[Result "0-1"]
[Round "11"]
[TimeControl "180+2"]
[Date "2023.05.16"]
[WhiteClock "0:00:00"]
[BlackClock "0:00:22"]

1. e4 c5 2. Nf3 d6 3. d4 cxd4 4. Qxd4 Nf6 5. Nc3 Nc6 6. Bb5 e5 7. Qc4 Be7 8. Bxc6+ bxc6 9. Qxc6+ Bd7 10. Qc4 O-O 11. O-O Qb6 12. a4 Rfc8 13. Qd3 Qb4 14. Bd2 Qc4 15. b3 Qc6 16. Rfe1 h6 17. Rac1 Be6 18. Na2 a5 19. c4 Qb7 20. Rb1 Nd7 21. Nc3 Nc5 22. Qc2 Rf8 23. Be3 Na6 24. Rbd1 f5 25. Nb5 Nb4 26. Qb1 fxe4 27. Nd2 Nd3 28. Rf1 d5 29. cxd5 Bxd5 30. Nc4 Bxc4 31. bxc4 Qc6 32. f3 Bc5 33. Rxd3 exd3 34. Qxd3 Rad8 35. Qe2 Bxe3+ 36. Qxe3 Qxc4 37. Qxe5 Qxa4 38. Nd6 Qd7 39. Rd1 Rf6 40. Qxa5 Rxd6 41. Rxd6 Qxd6 42. Qa2+ Qd5 43. Qxd5+ Rxd5 0-1


[Site "https://www.chess.com"]

[Event "Titled Tuesday Blitz May 16 Early 2023"]
[White "Shimanov, Aleksandr"]
[Black "Nitish Belurkar"]
[WhiteFideId "4198603"]
[BlackFideId "5084768"]
[WhiteElo "2631"]
[BlackElo "2352"]
[Result "1-0"]
[Round "11"]
[TimeControl "180+2"]
[Date "2023.05.16"]
[WhiteClock "0:00:22"]
[BlackClock "0:01:22"]

1. Nc3 Nf6 2. d4 g6 3. e4 d6 4. Nf3 Bg7 5. Be3 O-O 6. Qd2 Nbd7 7. O-O-O c5 8. dxc5 dxc5 9. Bxc5 b6 10. Ba3 Qc7 11. Bxe7 Re8 12. Bd6 Qb7 13. e5 Ng4 14. Bc4 Bh6 15. Ng5 Ndxe5 16. Bd5 Nc6 17. f4 Bxg5 18. fxg5 Be6 19. h3 Ne3 20. Bxc6 Qxc6 21. Qxe3 Bg4 22. Qf4 Bxd1 23. Rxd1 Rad8 24. Qf6 Rd7 25. Be5 Rxd1+ 26. Kxd1 Qxf6 27. Bxf6 Re6 28. a4 h6 29. h4 hxg5 30. hxg5 Kf8 31. Kd2 Ke8 32. Kd3 Kd7 33. Nb5 a6 34. Nc3 Re1 35. b4 Rg1 36. Nd5 Kc6 37. c4 Rxg2 38. b5+ axb5 39. axb5+ Kb7 40. Bd8 Rg1 41. Kd4 Rg4+ 42. Kc3 Kc8 43. Bxb6 Rxg5 44. Be3 Rg3 45. c5 f5 46. Kd4 g5 47. Ne7+ Kd7 48. Nxf5 Rg4+ 49. Kd5 Rb4 50. c6+ Kc8 51. b6 Rb5+ 52. Bc5 g4 53. Nd6+ 1-0


[Site "https://www.chess.com"]

[Event "Titled Tuesday Blitz May 16 Early 2023"]
[White "JeRoma71"]
[Black "Manukyan, Sargis V."]
[BlackFideId "13303465"]
[WhiteElo "2855"]
[BlackElo "2236"]
[Result "1/2-1/2"]
[Round "11"]
[TimeControl "180+2"]
[Date "2023.05.16"]
[WhiteClock "0:00:10"]
[BlackClock "0:00:06"]

1. Nf3 Nf6 2. g3 g6 3. Bg2 Bg7 4. O-O O-O 5. c4 d5 6. cxd5 Nxd5 7. Nc3 c5 8. d3 Nc6 9. Nxd5 Qxd5 10. Be3 Qd6 11. Rc1 Nd4 12. Bxd4 cxd4 13. Nd2 Be6 14. Nc4 Qa6 15. a4 Rac8 16. Qb3 b6 17. Qb5 Qxb5 18. axb5 Rc5 19. Bc6 Bxc4 20. dxc4 d3 21. b4 dxe2 22. Rfe1 Re5 23. Rc2 Rd8 24. Rcxe2 Rxe2 25. Rxe2 e6 26. Ra2 Bc3 27. Rxa7 Bxb4 28. Bd7 Bc5 29. Rc7 g5 30. h3 h5 31. g4 h4 32. Kf1 Ra8 33. Kg2 Bd4 34. Kf3 Ra3+ 35. Ke2 Rxh3 36. Be8 Rh2 37. Bxf7+ Kf8 38. Bxe6 Rxf2+ 39. Kd3 Rf4 40. Rd7 Bc5 41. Rd5 Be7 42. c5 Bxc5 43. Rxg5 h3 44. Rh5 Rf3+ 45. Ke4 Re3+ 46. Kd5 Kg7 47. g5 Rg3 48. Kc6 Be3 49. Bxh3 Rxg5 50. Rh4 Rg6+ 51. Kb7 Rh6 52. Rg4+ Rg6 53. Re4 Bc5 54. Bd7 Rd6 55. Kc7 Kf6 56. Rc4 Rd4 57. Rc2 Ke5 58. Bc6 Rf4 59. Kb7 Rf7+ 60. Ka6 Kd6 61. Rd2+ Kc7 62. Rg2 Bd6 63. Rg8 Bc5 64. Ra8 Kd6 65. Rd8+ Ke5 66. Rd5+ Ke6 67. Rd1 Rc7 68. Bd5+ Ke5 69. Bb3 Bd4 70. Re1+ Kd6 71. Re6+ Kc5 72. Rg6 Kb4 73. Bd5 Bc5 74. Rg4+ Kc3 75. Rc4+ Kd3 76. Rc1 Kd2 77. Rf1 Rd7 78. Rf5 Kc3 79. Bc6 Re7 80. Rf4 Kb2 81. Rf3 Kc2 82. Bd5 Kd2 83. Bc4 Re4 84. Bd5 Rd4 85. Bc6 Rh4 86. Kb7 Rd4 87. Rh3 Ke2 88. Kc7 Kf2 89. Rf3+ Ke2 90. Rf5 Ke3 91. Re5+ Kd3 92. Rh5 Kc3 93. Bd5 Kb4 94. Kc6 Rd2 95. Rh3 Rf2 96. Rb3+ Ka4 97. Rb1 Rf6+ 98. Kb7 Rd6 99. Bc4 Ka3 1/2-1/2


[Site "https://www.chess.com"]

[Event "Titled Tuesday Blitz May 16 Early 2023"]
[White "Weishaeutel, Moritz"]
[Black "Suyarov, Mukhammadzokhid"]
[WhiteFideId "12967300"]
[BlackFideId "14210495"]
[WhiteElo "2301"]
[BlackElo "2361"]
[Result "1-0"]
[Round "11"]
[TimeControl "180+2"]
[Date "2023.05.16"]
[WhiteClock "0:01:12"]
[BlackClock "0:01:27"]

1. e4 e6 2. d4 d5 3. exd5 exd5 4. Nf3 Bd6 5. c4 Nc6 6. cxd5 Nce7 7. Nc3 Nf6 8. Bg5 Ng6 9. Bb5+ Kf8 10. O-O h6 11. Bxf6 Qxf6 12. Ne4 Qd8 13. Nxd6 Qxd6 14. Re1 Ne7 15. Ne5 a6 16. Ba4 b5 17. Bb3 Bb7 18. Qf3 f6 19. Rac1 Re8 20. Nc6 Kf7 21. Re6 Qxe6 22. dxe6+ Kf8 23. d5 Bxc6 24. dxc6 Rd8 25. Rd1 1-0


[Site "https://www.chess.com"]

[Event "Titled Tuesday Blitz May 16 Early 2023"]
[White "Sokolovsky, Yahli"]
[Black "Moksh Amit Doshi"]
[WhiteFideId "2820242"]
[BlackFideId "25064967"]
[WhiteElo "2389"]
[BlackElo "2297"]
[Result "1-0"]
[Round "11"]
[TimeControl "180+2"]
[Date "2023.05.16"]
[WhiteClock "0:00:03"]
[BlackClock "0:00:00"]

1. b3 e5 2. Bb2 Nc6 3. e3 Nf6 4. Nf3 e4 5. Nd4 d5 6. c4 dxc4 7. Bxc4 Ne5 8. Ne6 Bxe6 9. Bxe5 Bxc4 10. bxc4 Bd6 11. Bxf6 Qxf6 12. Nc3 Qe5 13. Qa4+ c6 14. Rb1 Qe7 15. O-O O-O 16. Qc2 Rfe8 17. f3 Qh4 18. f4 Qe7 19. a4 Rad8 20. a5 Bb4 21. a6 bxa6 22. Rf2 a5 23. Na2 c5 24. Nc1 Rd7 25. Ra1 Red8 26. Nb3 Rd3 27. Nxa5 Rxd2 28. Nc6 Qh4 29. Rxd2 Rxd2 30. Qxe4 Qf2+ 31. Kh1 h5 32. Ne7+ Kf8 33. Nf5 Rd8 34. h3 Re8 35. Qd5 g6 36. Rxa7 1-0


[Site "https://www.chess.com"]

[Event "Titled Tuesday Blitz May 16 Early 2023"]
[White "Kravtsiv, Martyn"]
[Black "Bortnyk, Olexandr"]
[WhiteFideId "14113147"]
[BlackFideId "14120828"]
[WhiteElo "2695"]
[BlackElo "2734"]
[Result "1-0"]
[Round "11"]
[TimeControl "180+2"]
[Date "2023.05.16"]
[WhiteClock "0:02:29"]
[BlackClock "0:00:00"]

1. e4 d6 2. d3 g6 3. g3 Bg7 4. Bg2 c5 5. f4 Nc6 6. Nf3 Bg4 7. O-O Qd7 8. c3 h5 9. Qe1 h4 10. Nxh4 Bh3 11. f5 Bxg2 12. Nxg2 gxf5 13. exf5 Ne5 14. Qe2 Nf6 15. Na3 O-O-O 16. Nc4 Nfg4 17. Nxe5 1-0


[Site "https://www.chess.com"]